 Dungeon Crawl Stone Soup version 0.25-a0-523-g9afb2ee040 (webtiles) character file.

Game seed: 6772769898453840813, levelgen mode: deterministic

3136 Flugslaktarn the Cleaver (level 9, -18/82 HPs)
             Began as a Deep Dwarf Fighter on Feb 18, 2020.
             Was a Believer of Makhleb.
             Demolished by an orc knight
             ... wielding a +0 glaive
              (24 damage)
             ... in a bailey.
             The game lasted 00:03:04 (3509 turns).

Flugslaktarn the Cleaver (Deep Dwarf Fighter)       Turns: 3509, Time: 00:03:05

Health: -18/82     AC: 17    Str: 27    XL:     9   Next: 61%
Magic:  11/11      EV:  3    Int: 10    God:    Makhleb [**....]
Gold:   430        SH: 11    Dex: 10    Spells: 8/8 levels left

rFire    + . .     SeeInvis .   a - +0 war axe
rCold    + . .     Gourm    .   c - +0 kite shield
rNeg     . . .     Faith    .   b - +0 gold dragon scales
rPois    +         Spirit   .   l - +0 helmet
rElec    .         Reflect  .   (no cloak)
rCorr    .         Harm     .   (no gloves)
MR       +....                  (no boots)
Stlth    ..........             (no amulet)
HPRegen  0.00/turn              f - -2 ring of dexterity
MPRegen  0.12/turn              (no ring)

@: mighty, berserk cooldown, non-regenerating, slowed, very slow
A: damage resistance, heal wounds, sense surroundings 2, no regeneration
a: Heal Wounds, Minor Destruction, Renounce Religion


You were in a bailey.
You worshipped Makhleb.
Makhleb was pleased with you.
You were not hungry.

You visited 2 branches of the dungeon, and saw 9 of its levels.
You also visited: Bailey.

You collected 430 gold pieces.

Inventory:

Hand Weapons
 a - a +0 war axe (weapon)
Armour
 b - +0 gold dragon scales (worn)
   (You found it on level 6 of the Dungeon)
 c - a +0 kite shield (worn)
 l - a +0 helmet (worn)
   (You found it on level 2 of the Dungeon)
Jewellery
 f - a -2 ring of dexterity (left hand)
   (You found it on level 6 of the Dungeon)
Wands
 i - a wand of paralysis (11)
   (You found it on level 8 of the Dungeon)
Scrolls
 j - 4 scrolls of fog
 t - 2 scrolls of teleportation
 w - a scroll of remove curse
 x - a scroll of acquirement {unknown}
 z - a scroll of blinking
Potions
 g - 5 potions of mutation
 h - 2 potions of haste
 k - a potion of stabbing
 m - 2 potions of ambrosia
 o - 2 potions of berserk rage
 p - a potion of invisibility {unknown}
 q - 7 potions of curing
 r - 2 potions of resistance {unknown}
 s - 2 potions of lignification
 u - a potion of brilliance {unknown}
 v - a potion of cancellation {unknown}
 A - a potion of heal wounds {unknown}
Comestibles
 e - 4 rations
 n - 19 chunks of flesh


   Skills:
 + Level 6.0 Fighting
 * Level 9.4 Axes
 + Level 7.3 Armour
 + Level 7.2 Shields
 + Level 3.6 Invocations


You had 8 spell levels left.
You didn't know any spells.
Your spell library was empty.

Dungeon Overview and Level Annotations

Branches:
Dungeon (8/15)             Temple (1/1) D:7          Bailey (1/1)
   Lair: D:8-11

Altars:
Dithmenos
Gozag
Hepliaklqana
Makhleb
Qazlal
Ru
Sif Muna
Uskayaw
Vehumet
Wu Jian
Xom
Zin
The Shining One


Innate Abilities, Weirdness & Mutations

You are resistant to damage.
You can heal yourself by infusing magical energy.
You passively map the area around you.
You do not regenerate.


Message History

You block the orc's attack.
The orc hits you from afar with a +0 halberd.
* * * LOW HITPOINT WARNING * * *
Some of the chunks of flesh in your inventory have rotted away.
You are too injured to fight recklessly!
You are too injured to fight recklessly!
You are too berserk!
You hit the orc knight but do no damage.
The orc knight is lightly wounded.
Your gold dragon scales prevents you from hitting the orc warrior.
You hit the orc knight but do no damage.
You are no longer berserk.
You are exhausted.
You feel yourself slow down. You block the orc's attack.
The orc knight hits you with a +0 trident.
* * * LOW HITPOINT WARNING * * *
The orc warrior hits you with a +0 spear!
* * * LOW HITPOINT WARNING * * *
The orc knight hits you with a +0 glaive!!
You die...

** * ####### ####### ,,
,
##.....#########.....#
,,,
+...o...#.....#.....).
, ,
,+...o)))'.....'.....))
, ,
+..o.@..'.....'.....))
,
+...oo).'.....'......)
,
+....o..#.....#.......
##.....#########.....#
* ####### #######


You could see 2 orc knights, an orc warrior and 3 orcs.

Vanquished Creatures
  Joseph (D:7)
  A hippogriff (D:7)
  8 orc warriors
  An ice beast (D:5)
  2 sky beasts (D:6)
  2 phantoms (D:6)
  An ogre (D:4)
  2 bullfrogs (D:6)
  A wyvern skeleton (D:6)
  2 howler monkeys
  3 crimson imps
  2 hounds
  A jelly (D:7)
  2 orc priests (D:6)
  4 iguanas
  Ijyb (D:4)
  2 bullfrog skeletons (D:6)
  7 orc wizards
  8 worker ants
  2 hound zombies (D:6)
  2 hound skeletons (D:7)
  A worker ant zombie (D:6)
  3 gnolls (D:6)
  8 adders
  A shadow imp (D:6)
  An ooze (D:3)
  An adder zombie (D:6)
  An adder skeleton (D:5)
  3 dart slugs (D:2)
  A leopard gecko (D:2)
  41 orcs
  A giant cockroach (D:2)
  A goblin (D:3)
  A hobgoblin (D:3)
  4 jackals (D:2)
  3 quokkas
  A ball python (D:4)
  5 bats
  4 frilled lizards
  A kobold (D:3)
  A leopard gecko skeleton (D:7)
  2 quokka zombies (D:5)
  2 rats
142 creatures vanquished.

Notes
Turn   | Place    | Note
-------+----------+-------------------------------------------
     0 | D:1      | Flugslaktarn the Deep Dwarf Fighter began the quest for the
                  | Orb.
     0 | D:1      | Reached XP level 1. HP: 20/20 MP: 1/1
   180 | D:2      | Reached XP level 2. HP: 16/27 MP: 2/2
   198 | D:2      | Reached skill level 3 in Axes
   198 | D:2      | Reached XP level 3. HP: 28/33 MP: 3/3
   397 | D:4      | Found an opulent altar of Gozag.
   403 | D:4      | Noticed Ijyb
   421 | D:4      | Killed Ijyb
   421 | D:4      | Reached XP level 4. HP: 10/42 MP: 4/4
   517 | D:4      | Noticed an ogre
   524 | D:4      | Killed an ogre
   524 | D:4      | Reached skill level 4 in Axes
   524 | D:4      | Reached XP level 5. HP: 21/49 MP: 5/5
   689 | D:4      | Reached XP level 6. HP: 41/56 MP: 6/6
   794 | D:4      | Found a shimmering blue altar of Sif Muna.
   973 | D:5      | Entered Level 5 of the Dungeon
   974 | D:5      | Noticed an ice beast
   996 | D:5      | Killed an ice beast
   996 | D:5      | Reached skill level 5 in Axes
  1330 | D:5      | Reached XP level 7. HP: 53/64 MP: 7/7
  1782 | D:6      | Reached skill level 5 in Armour
  1782 | D:6      | Reached skill level 5 in Shields
  1801 | D:6      | Reached skill level 6 in Axes
  1884 | D:6      | Reached XP level 8. HP: 45/73 MP: 8/8
  1978 | D:6      | Found an ornate altar of the Wu Jian Council.
  2009 | D:6      | Reached skill level 7 in Axes
  2191 | D:6      | Reached skill level 5 in Fighting
  2205 | D:6      | Found a hide-covered altar of Uskayaw.
  2285 | D:6      | Found a sacrificial altar of Ru.
  2578 | D:7      | Found a staircase to the Ecumenical Temple.
  2596 | D:7      | Noticed a hippogriff
  2625 | D:7      | Killed a hippogriff
  2625 | D:7      | Reached skill level 8 in Axes
  2646 | Temple   | Entered the Ecumenical Temple
  2657 | Temple   | Became a worshipper of Makhleb the Destroyer
  2725 | D:7      | Reached skill level 1 in Invocations
  2739 | D:7      | Gained mutation: You passively map the area around you.
                  | [Deep Dwarf growth]
  2739 | D:7      | Reached XP level 9. HP: 42/81 MP: 9/9
  2781 | D:7      | Reached * piety under Makhleb
  2862 | D:7      | Noticed Joseph
  2889 | D:7      | Killed Joseph
  3186 | D:8      | Found a flagged portal.
  3242 | D:8      | Found a glowing golden altar of the Shining One.
  3283 | Bailey   | Entered a bailey
  3317 | Bailey   | Reached skill level 9 in Axes
  3491 | Bailey   | Noticed an orc knight
  3491 | Bailey   | Noticed an orc knight
  3504 | Bailey   | Reached ** piety under Makhleb
  3509 | Bailey   | Demolished by an orc knight

Levels and vault maps discovered:
D:1:      minmay_arrival_glassed_features, layout_basic
D:2:      layout_loops_cross, first_ration
D:3:      layout_basic
D:4:      layout_loops_ring, nicolae_overflow_crystal_walls,
          lemuel_crystal_altar, uniq_ijyb
D:5:      layout_loops_corners
D:6:      layout_cave_pools, marbit_many_paths, nicolae_ru_sacrificial_ziggurat,
          overflow_temple_1_default, minmay_misc_feat_rugged
D:7:      layout_cave_pools, temple_statues, uniq_joseph
D:8:      layout_basic, kennysheep_mini, enter_bailey_2, the_bakery,
          nicolae_blasting_shop, lemuel_blue_sif_altar, uniq_maurice
Temple:   nicolae_temple_great_sept
Bailey:   bailey_polearm_5, bailey

Skill      XL: |  1  2  3  4  5  6  7  8  9 |
---------------+----------------------------+-----
Axes           | 3 4 5 6 8 9 |  9.4
Fighting       | 3 4 5 6 |  6.0
Armour         | 4 5 6 7 |  7.3
Shields        | 4 5 6 7 |  7.2
Invocations    | 1 3 |  3.6

Action                   |  1- 3 |  4- 6 |  7- 9 || total
-------------------------+-------+-------+-------++-------
Melee: War axe           |   116 |   147 |   426 ||   689
 Abil: Heal Wounds       |     2 |     6 |    24 ||    32
  Use: Scroll            |       |       |    11 ||    11
       Potion            |       |       |     2 ||     2
  Eat: Chunk             |       |     2 |     5 ||     7
       Ration            |       |       |     1 ||     1
Armor: Scale mail        |    55 |       |       ||    55
       Chain mail        |    48 |    64 |   131 ||   243
       Gold dragon scale |       |       |   274 ||   274
Dodge: Dodged            |    29 |    26 |    79 ||   134
Block: Kite shield       |   101 |    71 |   339 ||   511

Table legend:
 A = Non-vault XP
 B = Vault XP
 C = Vault XP percentage of total XP
 D = Non-vault monster count
 E = Vault monster count
 F = Vault count percentage of total count
                 A         B        C        D         E       F
            +---------+---------+-------+---------+---------+-------
      Total |    3120 |    1360 |  30.4 |     110 |      32 |  22.5
            +---------+---------+-------+---------+---------+-------
        D:1 |       2 |       0 |   0.0 |       2 |       0 |   0.0
        D:2 |      54 |       0 |   0.0 |      14 |       0 |   0.0
        D:3 |      20 |       0 |   0.0 |       9 |       0 |   0.0
        D:4 |     360 |      38 |   9.5 |      13 |       1 |   7.1
        D:5 |     314 |       0 |   0.0 |      11 |       0 |   0.0
        D:6 |    1458 |       0 |   0.0 |      39 |       0 |   0.0
        D:7 |     912 |     450 |  33.0 |      22 |       1 |   4.3
     Bailey |       0 |     872 | 100.0 |       0 |      30 | 100.0
            +---------+---------+-------+---------+---------+-------
